 Dungeon Crawl Stone Soup version 0.31-a0-192-ga50d7bf3bb (webtiles) character file.

Game seed: 16728277344569384390

170 qw the Skirmisher (level 5, 0/29 HPs)
             Began as a Deep Elf Hunter on June 23, 2023.
             Slain by Grinder (8 damage)
             ... on level 4 of the Dungeon.
             The game lasted 00:01:10 (3399 turns).

qw the Skirmisher (Deep Elf Hunter)                 Turns: 3399, Time: 00:01:11

Health: 0/29       AC: 12    Str: 14    XL:     5   Next: 25%
Magic:  7/7        EV: 10    Int: 14    God:
Gold:   230        SH:  0    Dex: 18    Spells: 4/4 levels left

rFire   . . .        Y - +2 shortbow
rCold   . . .        (shield currently unavailable)
rNeg    . . .        l - +5 scale mail "Ruhiff" {-Cast +Blink rCorr Str+4}
rPois   .            j - +0 helmet
rElec   .            (no cloak)
rCorr   +            (no gloves)
SInv    .            (no boots)
Will    .....        (no amulet)
Stlth   +            (no ring)
HPRegen 0.24/turn    (no ring)
MPRegen 0.10/turn

%: no spellcasting
@: no status effects
A: no striking features
a: Evoke Blink


You were on level 4 of the Dungeon.
You visited 1 branch of the dungeon, and saw 4 of its levels.

You collected 230 gold pieces.


   Skills:
 - Level 1.5 Fighting
 + Level 8.7 Ranged Weapons
 - Level 2.4 Dodging
 - Level 1.2 Stealth


You had 4 spell levels left.
You didn't know any spells.
Your spell library was empty.

Inventory:

Hand Weapons
 Y - a +2 shortbow (weapon)
Armour
 j - a +0 helmet (worn)
 l - the +5 scale mail "Ruhiff" (worn) {-Cast +Blink rCorr Str+4}
   (You found it on level 3 of the Dungeon)

   Str:       It affects your strength (+4).
   +Blink:    It lets you blink.
   -Cast:     It prevents spellcasting.
   rCorr:     It protects you from acid and corrosion.
Jewellery
 h - a ring of positive energy
Scrolls
 b - 3 scrolls of identify
 e - a scroll of immolation {unknown}
Potions
 c - a potion of resistance {unknown}
 d - 2 potions of curing
 f - a potion of magic {unknown}
 g - a potion of might {unknown}
 i - a potion of haste

Dungeon Overview and Level Annotations

Branches:
Dungeon (4/15)
 Temple: D:4-7

Altars:

Annotations:
D:4 Grinder


Message History

Enter note:
Enter note:
3389 ||| FLEEEEING.
Enter note:
Enter note:
Enter note:
Enter note:
Enter note:
Enter note:
Enter note:
Enter note:
Enter note:
Enter note:
Enter note:
Enter note:
Enter note:
Enter note:
Enter note:
3390 ||| FLEEEEING.
Grinder gestures at you.
You suddenly lose the ability to move!
You can move again.
You shoot an arrow. The arrow hits Grinder!
Grinder is heavily wounded.
You shoot an arrow. The arrow barely misses Grinder.
You shoot an arrow.
The arrow hits Grinder but does no damage.
Grinder is heavily wounded.
Grinder hits you but does no damage.
You shoot an arrow. The arrow completely misses Grinder.
Grinder closely misses you.
You shoot an arrow. The arrow closely misses Grinder.
Grinder closely misses you.
You shoot an arrow. The arrow hits Grinder.
Grinder is severely wounded.
Grinder hits you.
You writhe in agony.
You shoot an arrow. The arrow hits Grinder.
Grinder is severely wounded.
Grinder hits you!
You die...

# #####.##### #.# #..# ###### # #
#.# #.# #..## ##....###
#######'#######.# #...###........
................# #..............
###............## ##......)......
##...#####...### ##........#.#..
#>.### ##..## ###..........##..
#..# ##.>###.........#..##.. #..#
#....@5........###...# #..#
##......)......#.###.# #..######
#................##..
#.......#####....................
#.........##....###..............
#....##........######.##....##...
########......####.###.........##
##......# #.####..##.....##
#.......####....#.#........


You could see Grinder.

Vanquished Creatures
  A howler monkey (D:4)
  4 adders
  A white imp (D:4)
  A worm (D:4)
  A dart slug (D:4)
  8 orcs
  3 bats
  8 endoplasms
  6 goblins
  5 hobgoblins
  8 jackals
  7 kobolds
  4 quokkas
  6 ball pythons
  3 frilled lizards
  5 rats
71 creatures vanquished.

Notes
Turn   | Place    | Note
-------+----------+-------------------------------------------
     0 | D:1      | qw the Deep Elf Hunter began the quest for the Orb.
     0 | D:1      | Reached XP level 1. HP: 12/12 MP: 3/3
     0 | D:1      | 0 ||| qw: Version: 0.3-a-9-g12657ce
     0 | D:1      | 0 ||| qw: Game counter: 4559
     0 | D:1      | 0 ||| qw: Always use a shield: true
     0 | D:1      | 0 ||| qw: God list: Okawaru
     0 | D:1      | 0 ||| qw: Allow faded altars: false
     0 | D:1      | 0 ||| qw: Do Orc after D:15 true
     0 | D:1      | 0 ||| qw: Do second Lair branch before Depths: true
     0 | D:1      | 0 ||| qw: Lair rune preference: random
     0 | D:1      | 0 ||| qw: Plans: Normal
     0 | D:1      | 0 ||| PLANNING D:1-11
   152 | D:1      | Reached XP level 2. HP: 15/16 MP: 4/4
   194 | D:1      | Reached skill level 6 in Ranged Weapons
   878 | D:1      | 878 ||| UPGRADING to +0 ring mail.
   888 | D:1      | 888 ||| DROPPING +0 leather armour.
   889 | D:1      | 889 ||| DROPPING scarf of shadows.
   890 | D:1      | 890 ||| UPGRADING to +0 helmet.
   895 | D:1      | 895 ||| READING scroll labelled DEMICLOAREIKH.
   896 | D:1      | 896 ||| READING scroll labelled BYFO XUPEOHIHU.
   899 | D:1      | 899 ||| DROPPING scroll of butterflies.
  1016 | D:2      | Reached XP level 3. HP: 20/20 MP: 5/5
  1281 | D:2      | Reached skill level 7 in Ranged Weapons
  1391 | D:2      | You fall into a shaft and drop 1 floor!
  1474 | D:3      | Reached XP level 4. HP: 13/25 MP: 6/6
  1521 | D:3      | 1521 ||| READING 2 scrolls labelled HEPEME SEUN.
  1522 | D:3      | 1522 ||| READING scroll labelled OSAMYM VUIWN.
  1523 | D:3      | 1523 ||| DRINKING 2 bubbling black potions.
  1698 | D:2      | 1698 ||| READING scroll labelled RORYXZI NYIJERR.
  2034 | D:3      | Identified the +5 scale mail "Ruhiff" {-Cast +Blink rCorr
                  | Str+4}
  2249 | D:3      | 2249 ||| UPGRADING to +5 scale mail "Ruhiff" {-Cast +Blink
                  | rCorr Str+4}.
  2259 | D:3      | 2259 ||| DROPPING +0 ring mail.
  2260 | D:3      | 2260 ||| READING scroll labelled GUMONWAUQO.
  2261 | D:3      | 2261 ||| READING 2 scrolls labelled CUTEIL ZAAMU.
  2262 | D:3      | 2262 ||| DRINKING 2 black potions.
  2263 | D:3      | 2263 ||| DRINKING 2 emerald potions.
  2287 | D:3      | 2287 ||| DROPPING scroll of blinking.
  2288 | D:3      | 2288 ||| DROPPING potion of lignification.
  2322 | D:4      | Noticed Grinder
  2327 | D:4      | HP: 5/25 [Grinder/nerve-wracking pain (2)]
  2328 | D:4      | 2328 ||| READING 2 scrolls of teleportation.
  2329 | D:4      | HP: 1/25 [Grinder (3)]
  2643 | D:4      | 2643 ||| READING scroll of enchant weapon.
  2643 | D:4      | 2643 ||| ENCHANTING +1 shortbow.
  2676 | D:4      | 2676 ||| FLEEEEING.
  2677 | D:4      | 2677 ||| FLEEEEING.
  2678 | D:4      | 2678 ||| FLEEEEING.
  2679 | D:4      | 2679 ||| FLEEEEING.
  2680 | D:4      | 2680 ||| FLEEEEING.
  2681 | D:4      | 2681 ||| FLEEEEING.
  2686 | D:4      | 2686 ||| FLEEEEING.
  2687 | D:4      | 2687 ||| FLEEEEING.
  2690 | D:4      | 2690 ||| FLEEEEING.
  2694 | D:4      | Reached skill level 8 in Ranged Weapons
  2996 | D:4      | Paralysed by Grinder for 2 turns
  3005 | D:4      | Paralysed by Grinder for 2 turns
  3007 | D:4      | HP: 6/25 [Grinder (5)]
  3008 | D:4      | 3008 ||| READING scroll of teleportation.
  3018 | D:4      | Reached XP level 5. HP: 7/29 MP: 7/7
  3366 | D:4      | 3366 ||| FLEEEEING.
  3367 | D:4      | 3367 ||| FLEEEEING.
  3368 | D:4      | 3368 ||| FLEEEEING.
  3369 | D:4      | 3369 ||| FLEEEEING.
  3370 | D:4      | 3370 ||| FLEEEEING.
  3371 | D:4      | 3371 ||| FLEEEEING.
  3372 | D:4      | 3372 ||| FLEEEEING.
  3373 | D:4      | 3373 ||| FLEEEEING.
  3374 | D:4      | 3374 ||| FLEEEEING.
  3375 | D:4      | 3375 ||| FLEEEEING.
  3378 | D:4      | Paralysed by Grinder for 5 turns
  3385 | D:4      | 3385 ||| FLEEEEING.
  3385 | D:4      | Paralysed by Grinder for 2 turns
  3387 | D:4      | 3387 ||| FLEEEEING.
  3388 | D:4      | 3388 ||| FLEEEEING.
  3389 | D:4      | 3389 ||| FLEEEEING.
  3390 | D:4      | 3390 ||| FLEEEEING.
  3390 | D:4      | Paralysed by Grinder for 3 turns
  3399 | D:4      | Slain by Grinder

Levels and vault maps discovered:
D:1:      lordsloth_arrival_two_stooges, layout_loops_corners,
          dreamdust_wishing_well
D:2:      layout_loops_ring, minmay_misc_feat_more_columns
D:3:      layout_basic, minmay_misc_feat_encased, minmay_fountain_box
D:4:      layout_layer_cave, minmay_door_square, uniq_grinder

Skill      XL: |  1  2  3  4 |
---------------+-------------+-----
Ranged Weapons | 6 7 8 |  8.7
Fighting       | |  1.5
Dodging        | |  2.4
Stealth        | |  1.2

Action                     |  1- 3 |  4- 6 || total
---------------------------+-------+-------++-------
   Fire: Shortbow          |   130 |   119 ||   249
    Use: Scroll            |     2 |     8 ||    10
         Potion            |       |     3 ||     3
 Armour: Ring mail         |    24 |    13 ||    37
         Scale mail        |       |    23 ||    23
  Dodge: Dodged            |    41 |    29 ||    70

Table legend:
 A = Non-vault XP
 B = Vault XP
 C = Vault XP percentage of total XP
 D = Non-vault monster count
 E = Vault monster count
 F = Vault count percentage of total count
                 A         B        C        D         E       F
            +---------+---------+-------+---------+---------+-------
      Total |     243 |       0 |   0.0 |      71 |       0 |   0.0
            +---------+---------+-------+---------+---------+-------
        D:1 |      38 |       0 |   0.0 |      23 |       0 |   0.0
        D:2 |      37 |       0 |   0.0 |      15 |       0 |   0.0
        D:3 |      58 |       0 |   0.0 |      17 |       0 |   0.0
        D:4 |     110 |       0 |   0.0 |      16 |       0 |   0.0
            +---------+---------+-------+---------+---------+-------
